 Dungeon Crawl Stone Soup version 0.32-a0-932-g546787307d (webtiles) character file.

Game seed: 7861607463511809936

331 Olga the Chopper (level 6, -3/79 HPs)
             Began as a Mountain Dwarf Fighter on Apr 14, 2024.
             Was a Priest of Jiyva.
             Slain by a gnoll
             ... wielding a +0 spear
             ... led by a gnoll bouda
              (5 damage)
             ... on level 4 of the Dungeon.
             The game lasted 00:04:31 (2458 turns).

Olga the Chopper (Mountain Dwarf Fighter)           Turns: 2458, Time: 00:04:32

Health: -3/79      AC: 23    Str: 20    XL:     6   Next: 26%
Magic:  6/6        EV:  2    Int:  9    God:    Jiyva [***...]
Gold:   132        SH:  4    Dex:  9    Spells: 5/5 levels left

rFire   . . .        a - +0 war axe (venom)
rCold   . . .        c - +0 buckler
rNeg    . . .        j - melded +0 chain mail
rPois   +            (helmet currently unavailable)
rElec   .            l - melded scarf {repulsion}
rCorr   +            (gloves currently unavailable)
SInv    .            (boots currently unavailable)
Will    .....        (no amulet)
Stlth   +            (no ring)
HPRegen 1.45/turn    (no ring)
MPRegen 0.66/turn

%: no passive effects
@: mighty, tree-form (expiring)
A: stationary, stasis, torment immunity, boosted hp, runic magic, artefact
enchanting, (acidic bite), (translucent skin 3)
a: Renounce Religion, Oozemancy


You were on level 4 of the Dungeon.
You worshipped Jiyva.
Jiyva was most pleased with you.
You were a tree.
You visited 1 branch of the dungeon, and saw 4 of its levels.

You collected 132 gold pieces.

Inventory:

Hand Weapons
 a - a +0 war axe of venom (weapon)
Armour
 c - a +0 buckler (worn)
 j - a +0 chain mail (melded)
 l - a scarf of repulsion (melded)
Jewellery
 g - a ring of positive energy
Scrolls
 e - a scroll of fog
 f - a scroll of brand weapon
 h - a scroll of vulnerability
 k - a scroll of identify
 m - 3 scrolls of teleportation
Potions
 i - a potion of curing


   Skills:
 + Level 4.5 Fighting
 * Level 5.3 Axes
 + Level 4.5 Armour
 + Level 4.5 Shields


You had 5 spell levels left.
You didn't know any spells.
Your spell library was empty.

Dungeon Overview and Level Annotations

Branches:
Dungeon (4/15)
 Temple: D:4-7

Altars:
Dithmenos
Fedhas
Jiyva

Shops:
D:3 (


Innate Abilities, Weirdness & Mutations

You are a tree.
Your roots penetrate the ground, keeping you stationary.
You cannot be teleported.
You are immune to unholy pain and torment.
Your maximum health is greatly increased.
Your equipment is partially melded.
Your spellcasting is much less encumbered by armour.
You can use scrolls of enchantment on lesser artefacts.
((You have acidic saliva.))
((Your transparent skin significantly reduces your foes' accuracy. (Stealth+)))


Message History

The gnoll hits you but does no damage. The gnoll barely misses you.
The iguana bites you.
* * * LOW HITPOINT WARNING * * *
The hound bites you but does no damage.
You barely miss the iguana.
The iguana is heavily wounded.
You hit the hound. You closely miss the gnoll bouda.
Your transformation is almost over.
The gnoll bouda hits you but does no damage.
The iguana bites you but does no damage.
The gnoll hits you from afar with a +0 halberd!
* * * LOW HITPOINT WARNING * * *
You block the gnoll's attack. You block the hound's attack.
The gnoll hits you but does no damage.
The gnoll hits you from afar with a +0 spear.
* * * LOW HITPOINT WARNING * * *
The gnoll bouda hits you but does no damage.
The iguana bites you!
* * * LOW HITPOINT WARNING * * *
You feel better.
The hound bites you but does no damage. x2
The gnoll bouda barely misses you. The gnoll barely misses you. x2
The iguana bites you but does no damage.
Unknown command.
You feel very mighty all of a sudden.
The gnoll is no longer moving quickly.
The hound bites you.
* * * LOW HITPOINT WARNING * * *
The gnoll bouda hits you but does no damage.
The gnoll hits you but does no damage. x2; The iguana bites you.
* * * LOW HITPOINT WARNING * * *
Unknown command.
You closely miss the iguana.
The iguana is severely wounded.
You barely miss the hound. You closely miss the gnoll bouda.
The hound barely misses you. The hound bites you but does no damage.
The gnoll bouda hits you with a +0 club.
* * * LOW HITPOINT WARNING * * *
The gnoll hits you but does no damage.
The gnoll hits you from afar with a +0 spear.
You die...
Jiyva sends a jelly to digest your remains.

.....?.#......####
.......#........#
.......#........#
.......#........#
..................
..#.....#.......#.
........#.........
....<...........<.
....#.g7.#.......
....#.Klh#......~
.. #gg.......... .
.............
=............
...............
.......#.......
....... .......


You could see a gnoll bouda (poisoned), an iguana (poisoned), a hound, 2 gnolls
and a kobold.

Vanquished Creatures
  Sigmund (D:3)
  A hound (D:4)
  An iguana (D:4)
  3 adders
  4 gnolls
  A dart slug (D:1)
  3 orcs
  6 ball pythons
  4 endoplasms (D:1)
  2 giant cockroaches (D:2)
  8 goblins
  6 hobgoblins
  11 kobolds
  A quokka (D:2)
  A bat (D:2)
  3 frilled lizards
  3 rats
59 creatures vanquished.

Vanquished Creatures (others)
  A jelly (D:2)
  An adder (D:2)
  A dart slug (D:2)
  3 ball pythons
  A hobgoblin (D:3)
  2 kobolds
9 creatures vanquished.

Grand Total: 68 creatures vanquished

Notes
Turn   | Place    | Note
-------+----------+-------------------------------------------
     0 | D:1      | Olga the Mountain Dwarf Fighter began the quest for the
                  | Orb.
     0 | D:1      | Reached XP level 1. HP: 19/19 MP: 1/1
    90 | D:1      | Reached XP level 2. HP: 4/26 MP: 2/2
   369 | D:1      | Reached skill level 3 in Axes
   550 | D:1      | Reached XP level 3. HP: 26/31 MP: 3/3
   914 | D:2      | Found a faded altar of an unknown god.
   991 | D:2      | Prayed at the altar of an unknown god.
   991 | D:2      | Became a worshipper of Jiyva Jotaj the Shapeless
   991 | D:2      | Reached * piety under Jiyva
  1141 | D:2      | Reached ** piety under Jiyva
  1488 | D:3      | Noticed a +0 demon blade
  1489 | D:3      | Found Vikiacvo's Weapon Shop.
  1491 | D:3      | Noticed a +0 executioner's axe
  1500 | D:3      | Reached XP level 4. HP: 35/40 MP: 4/4
  1573 | D:3      | Found a shadowy altar of Dithmenos.
  1665 | D:3      | Reached skill level 4 in Axes
  1763 | D:3      | Found a blossoming altar of Fedhas.
  1763 | D:3      | Reached *** piety under Jiyva
  1956 | D:3      | Gained mutation: Your translucent skin slightly reduces
                  | your foes' accuracy. (Stealth+) [Jiyva's grace]
  1956 | D:3      | Gained mutation: Your translucent skin reduces your foes'
                  | accuracy. (Stealth+) [Jiyva's grace]
  1956 | D:3      | Gained mutation: Your transparent skin significantly
                  | reduces your foes' accuracy. (Stealth+) [Jiyva's grace]
  1956 | D:3      | Gained mutation: You have acidic saliva. [Jiyva's grace]
  2008 | D:3      | Noticed Sigmund
  2047 | D:3      | Killed Sigmund
  2048 | D:3      | Reached skill level 5 in Axes
  2048 | D:3      | Reached XP level 5. HP: 47/47 MP: 5/5
  2440 | D:4      | Reached XP level 6. HP: 53/53 MP: 6/6
  2455 | D:4      | HP: 3/79 [iguana (10)]
  2458 | D:4      | Slain by a gnoll

Illustrated notes

Levels and vault maps discovered:
D:1:      minmay_arrival_five_plusses, layout_loops_ring,
          corexii_hall_statues_i, minmay_tall_x
D:2:      cheibrodos_helix_gallery, layout_loops_ring,
          chequers_ecumenical_altar_island
D:3:      layout_basic, fedhas_ov_isle_minmay, mainiacjoe_overflow_brackets,
          serial_shops, nicolae_shop_mannequins, uniq_sigmund
D:4:      layout_basic, general_overflow_altar, mainiacjoe_overflow_alcove_4,
          nicolae_gozag_seed_capital, nicolae_overflow_two_pavilions,
          mainiacjoe_overflow_catwalk, marbit_many_paths, gammafunk_ghost_split,
          minmay_close_crescents

Skill      XL: |  1  2  3  4 |
---------------+-------------+-----
Axes           | 3 5 |  5.3
Fighting       | 4 |  4.5
Armour         | 4 |  4.5
Shields        | 4 |  4.5

Action                     |  1- 3 |  4- 6 || total
---------------------------+-------+-------++-------
  Melee: War axe           |   101 |    69 ||   170
         Bite              |       |     1 ||     1
    Use: Scroll            |     6 |     1 ||     7
         Potion            |       |     4 ||     4
 Armour: Scale mail        |    32 |       ||    32
         Chain mail        |    65 |    57 ||   122
         Skin              |       |    40 ||    40
  Dodge: Dodged            |    29 |    30 ||    59
         Repelled          |     1 |       ||     1
  Block: Buckler           |    22 |    11 ||    33

Table legend: (Time is in decaauts)
 A = Elapsed time spent in this place.
 B = Non-inter-level travel time spent in this place.
 C = Inter-level travel time spent in this place.
 D = Time resting spent in this place.
 E = Time spent auto-exploring this place.
 F = Levels seen in this place.
 G = Mean time per level.
                   A        B        C        D        E       F      G
               +--------+--------+--------+--------+--------+-----+--------+
         Total |   2521 |   2427 |     94 |      0 |   1954 |   4 |  630.2 |
       Dungeon |   2521 |   2427 |     94 |      0 |   1954 |   4 |  630.2 |
               +--------+--------+--------+--------+--------+-----+--------+

Top non-repeatable levels by time:
     D:3: 945 daAuts
     D:1: 912 daAuts
     D:2: 614 daAuts
     D:4: 48 daAuts
